[Event "Titled Tuesday Blitz February 22 Early 2022"]
[White "Krutko, Anatoly"]
[Black "Putri, Regita Desyari"]
[WhiteFideId "4185862"]
[BlackFideId "7109083"]
[WhiteElo "2378"]
[BlackElo "1930"]
[Result "0-1"]
[Round "02"]
[TimeControl "180+1"]
[Date "2022.02.22"]
[WhiteClock "0:00:12"]
[BlackClock "0:00:09"]

1. e4 e5 2. Nf3 Nc6 3. Bb5 a6 4. Ba4 Nf6 5. d3 Bc5 6. O-O d6 7. c3 O-O 8. Nbd2 Ba7 9. h3 Ne7 10. Re1 Ng6 11. Nf1 b5 12. Bc2 Re8 13. d4 Bb7 14. Ng3 Nf4 15. b3 h6 16. d5 Bc8 17. Be3 Bd7 18. Bxa7 Rxa7 19. c4 c6 20. Qd2 Nh7 21. Rad1 c5 22. Kh2 b4 23. Ne2 Ng6 24. Rf1 a5 25. g3 a4 26. h4 axb3 27. axb3 Bg4 28. Neg1 Qf6 29. Kg2 Ra2 30. Ra1 Rea8 31. Rxa2 Rxa2 32. Qc1 Nhf8 33. Qb1 Ra3 34. Bd1 Bd7 35. Qd3 Ne7 36. Nh2 Qg6 37. h5 Qg5 38. Kh1 f5 39. f4 Qf6 40. Bf3 exf4 41. gxf4 Ra2 42. e5 dxe5 43. fxe5 Qxe5 44. Ne2 f4 45. Rg1 Bf5 46. Qd1 Be4 47. Qf1 Nf5 48. Bxe4 Qxe4+ 49. Qf3 Qxf3+ 50. Nxf3 Rxe2 51. Rd1 Nd6 52. Ra1 Nd7 53. Ra6 Nf5 54. Ra8+ Kf7 55. Ra7 Ke7 56. Kg1 Kd6 57. Ra8 Ne5 58. Nxe5 Rxe5 59. Kf2 Nd4 60. Rd8+ Ke7 61. Rg8 Re2+ 62. Kf1 Kf7 63. Rc8 Rd2 64. Rc7+ Kf6 65. Rc6+ Nxc6 66. dxc6 Rd8 67. Kf2 Rc8 68. Kf3 Rxc6 69. Kxf4 Re6 0-1


[Site "https://www.chess.com"]

[Event "Titled Tuesday Blitz February 22 Early 2022"]
[White "Krysa, Leandro"]
[Black "Vidit, Santosh Gujrathi"]
[WhiteFideId "116807"]
[BlackFideId "5029465"]
[WhiteElo "2490"]
[BlackElo "2654"]
[Result "1/2-1/2"]
[Round "02"]
[TimeControl "180+1"]
[Date "2022.02.22"]
[WhiteClock "0:00:07"]
[BlackClock "0:00:10"]

1. e4 e5 2. Nf3 Nc6 3. Nc3 Bb4 4. Nd5 Ba5 5. c3 Nf6 6. Bd3 d6 7. b4 Bb6 8. a4 a5 9. b5 Ne7 10. Nxb6 cxb6 11. O-O O-O 12. Ba3 Ng6 13. h3 Qc7 14. Bc2 Rd8 15. Re1 Be6 16. Rc1 d5 17. exd5 Bxd5 18. Re3 e4 19. Nd4 Ne5 20. Ra1 Nc4 21. Rg3 Rac8 22. Nf5 Nxa3 23. Rxa3 g6 24. Ne3 Be6 25. Ra1 Qd6 26. Nf1 Qf4 27. d4 h5 28. Re3 Bf5 29. Ng3 Nd5 30. Nxf5 gxf5 31. Rg3+ Kf8 32. Qxh5 Nf6 33. Qe2 Ke7 34. Bb3 Qd6 35. Rc1 Qc7 36. Rg5 Qf4 37. Qe3 Qxe3 38. fxe3 f4 39. Re5+ Kf8 40. exf4 Rxd4 41. cxd4 Rxc1+ 42. Kh2 Rc3 43. Bd5 e3 44. Bxb7 Rd3 45. Bf3 Rxd4 46. Rxe3 Rxa4 47. f5 Rb4 48. Bc6 a4 49. g4 Rb3 50. Re1 a3 51. g5 Nh5 52. f6 Rb2+ 53. Kg1 Ng7 54. fxg7+ Kxg7 55. Bd5 a2 56. Bxa2 Rxa2 57. Rb1 Rd2 58. h4 Kg6 59. Rb4 Kh5 60. Rf4 Rb2 61. Rxf7 Rxb5 62. Rf6 Kxh4 63. g6 Rg5+ 64. Kf1 b5 65. Rb6 Kh5 66. Ke1 Rxg6 67. Rxb5+ Rg5 68. Rb2 Re5+ 69. Kd1 Rf5 70. Rd2 Kg5 71. Kc2 Kf6 72. Rd3 Re5 73. Kd2 Ke6 74. Re3 Rxe3 75. Kxe3 1/2-1/2


[Site "https://www.chess.com"]

[Event "Titled Tuesday Blitz February 22 Early 2022"]
[White "Lazavik, Denis"]
[Black "Ivanisevic, Ivan"]
[WhiteFideId "13515110"]
[BlackFideId "912417"]
[WhiteElo "2436"]
[BlackElo "2495"]
[Result "1-0"]
[Round "02"]
[TimeControl "180+1"]
[Date "2022.02.22"]
[WhiteClock "0:00:08"]
[BlackClock "0:00:11"]

1. d4 Nf6 2. c4 e6 3. Nf3 c5 4. d5 d6 5. Nc3 g6 6. h3 Bg7 7. e4 O-O 8. Bd3 a6 9. a4 Nbd7 10. O-O e5 11. g4 h5 12. Nh2 Nh7 13. Kg2 hxg4 14. hxg4 Bf6 15. Nf3 Ng5 16. Be3 Kg7 17. Qd2 Nxf3 18. Bh6+ Kg8 19. Kxf3 Bg7 20. Rh1 Qf6+ 21. Kg3 Bxh6 22. Rxh6 Qf4+ 23. Qxf4 exf4+ 24. Kxf4 Ne5 25. Be2 f6 26. Rah1 Bd7 27. Kg3 g5 28. a5 Kf7 29. Rh7+ Ke8 30. Rb1 b6 31. b4 cxb4 32. Rxb4 bxa5 33. Rb6 Nf7 34. c5 dxc5 35. Rxf6 Rb8 36. f3 Rb3 37. Nd1 Ne5 38. Rxa6 Rfxf3+ 39. Bxf3 Rxf3+ 40. Kg2 Kd8 41. Ra8+ Kc7 42. Ra7+ Kb6 43. Raxd7 Rd3 44. Rd6+ Kb5 45. Rb7+ 1-0


[Site "https://www.chess.com"]

[Event "Titled Tuesday Blitz February 22 Early 2022"]
[White "Lenderman, Aleksandr"]
[Black "Delaney, Killian"]
[WhiteFideId "2021285"]
[BlackFideId "2501570"]
[WhiteElo "2651"]
[BlackElo "2306"]
[Result "1-0"]
[Round "02"]
[TimeControl "180+1"]
[Date "2022.02.22"]
[WhiteClock "0:01:44"]
[BlackClock "0:00:57"]

1. b3 e5 2. Bb2 Nc6 3. e3 Nf6 4. Nf3 e4 5. Nd4 Nxd4 6. Bxd4 d5 7. d3 c5 8. Bb2 Bg4 9. Be2 Bxe2 10. Qxe2 Be7 11. O-O O-O 12. Rd1 Qc7 13. dxe4 dxe4 14. Nc3 Rfd8 15. Qc4 Qe5 16. g3 Qf5 17. Qb5 Ng4 18. Qe2 Ne5 19. Kg2 h5 20. Nd5 Bf8 21. Bxe5 Qxe5 22. c4 g6 23. Rac1 Rd6 24. Rd2 Rad8 25. Rcd1 b6 26. f4 exf3+ 27. Qxf3 Bg7 28. Qf4 Qxf4 29. gxf4 Kf8 30. Kf3 Re6 31. Nc7 Rxd2 32. Nxe6+ 1-0


[Site "https://www.chess.com"]

[Event "Titled Tuesday Blitz February 22 Early 2022"]
[White "Liyanage, Ranindu Dilshan"]
[Black "Zhigalko, Sergei"]
[WhiteFideId "9915834"]
[BlackFideId "13502956"]
[WhiteElo "1858"]
[BlackElo "2662"]
[Result "0-1"]
[Round "02"]
[TimeControl "180+1"]
[Date "2022.02.22"]
[WhiteClock "0:00:19"]
[BlackClock "0:00:30"]

1. d4 Nf6 2. c4 e6 3. Nf3 b6 4. g3 Ba6 5. Nbd2 Bb4 6. Qc2 Bb7 7. Bg2 Be4 8. Qb3 Bxd2+ 9. Bxd2 O-O 10. O-O a5 11. Bg5 d6 12. Rfd1 Nbd7 13. Bh3 h6 14. Bxf6 Nxf6 15. Nd2 Bb7 16. Bg2 Bxg2 17. Kxg2 Qd7 18. Qb5 c6 19. Qb3 Rfb8 20. Rac1 a4 21. Qd3 Ra5 22. e4 Qb7 23. Nf3 Nd7 24. Qe3 Rc8 25. h4 Qa7 26. g4 Nf8 27. Qf4 Qe7 28. g5 Ng6 29. Qg3 h5 30. Nh2 e5 31. d5 cxd5 32. cxd5 Rac5 33. Rxc5 Rxc5 34. Nf1 Rc2 35. Rd2 Qc7 36. Qe3 Nxh4+ 37. Kh2 b5 38. Qd3 Rxd2 39. Nxd2 Qc1 40. Qc3 Qxd2 0-1


[Site "https://www.chess.com"]

[Event "Titled Tuesday Blitz February 22 Early 2022"]
[White "Ljukin, Sergei"]
[Black "Komiagina, Maria"]
[WhiteFideId "14102200"]
[BlackFideId "4153987"]
[WhiteElo "2312"]
[BlackElo "1945"]
[Result "1-0"]
[Round "02"]
[TimeControl "180+1"]
[Date "2022.02.22"]
[WhiteClock "0:00:19"]
[BlackClock "0:00:17"]

1. e4 c5 2. Nf3 e6 3. d4 cxd4 4. Nxd4 a6 5. Bd3 Qc7 6. Qe2 Nc6 7. Nxc6 bxc6 8. c4 e5 9. O-O Bc5 10. Nc3 Ne7 11. Be3 Bxe3 12. Qxe3 d6 13. c5 d5 14. Qg3 O-O 15. b4 Rb8 16. a3 f5 17. f3 fxe4 18. fxe4 Be6 19. Bxa6 d4 20. Ne2 Ng6 21. Bd3 Ra8 22. Rxf8+ Rxf8 23. a4 Qd7 24. a5 Bg4 25. a6 Ra8 26. h3 Bxe2 27. Bxe2 Nf4 28. Bc4+ Kh8 29. Qg4 Qd8 30. g3 Ng6 31. Qf3 Qc8 32. a7 Qxh3 33. b5 cxb5 34. Bd5 Qc8 35. Bxa8 Qxa8 36. Qf7 d3 37. Qd5 1-0


[Site "https://www.chess.com"]

[Event "Titled Tuesday Blitz February 22 Early 2022"]
[White "Lohani, Sujana"]
[Black "Moskvin, Anatoly"]
[WhiteFideId "12311987"]
[BlackFideId "24199990"]
[WhiteElo "1691"]
[BlackElo "2079"]
[Result "1-0"]
[Round "02"]
[TimeControl "180+1"]
[Date "2022.02.22"]
[WhiteClock "0:02:06"]
[BlackClock "0:01:14"]

1. d4 Nf6 2. Nf3 c5 3. c4 cxd4 4. Nxd4 e5 5. Nb3 Nc6 6. Nc3 Bb4 7. Bd2 Bxc3 8. Bxc3 d5 9. e3 O-O 10. Be2 Be6 11. cxd5 Bxd5 12. O-O Qe7 13. Qc2 Rac8 14. Rad1 Be4 15. Bd3 Qe6 1-0


[Site "https://www.chess.com"]

[Event "Titled Tuesday Blitz February 22 Early 2022"]
[White "Lorente Serrano, Rosa Adela"]
[Black "Agibileg, Uurtsaikh"]
[WhiteFideId "32091982"]
[BlackFideId "4901606"]
[WhiteElo "1820"]
[BlackElo "2205"]
[Result "0-1"]
[Round "02"]
[TimeControl "180+1"]
[Date "2022.02.22"]
[WhiteClock "0:00:53"]
[BlackClock "0:02:04"]

1. Nf3 Nf6 2. g3 g6 3. b3 Bg7 4. Bb2 c5 5. c4 d6 6. d4 Ne4 7. Bg2 Qa5+ 8. Nbd2 Nxd2 9. Qxd2 Qxd2+ 10. Kxd2 Nc6 11. e3 Bg4 12. Kd3 e5 13. d5 e4+ 14. Kc2 Nb4+ 15. Kb1 Bxb2 16. Kxb2 exf3 0-1


[Site "https://www.chess.com"]

[Event "Titled Tuesday Blitz February 22 Early 2022"]
[White "Lou, Yiping"]
[Black "Vusatiuk, Vladimir"]
[WhiteFideId "8603928"]
[BlackFideId "14118610"]
[WhiteElo "2412"]
[BlackElo "2157"]
[Result "1-0"]
[Round "02"]
[TimeControl "180+1"]
[Date "2022.02.22"]
[WhiteClock "0:00:57"]
[BlackClock "0:00:17"]

1. c4 Nf6 2. Nc3 e6 3. Nf3 d5 4. d4 a6 5. c5 b6 6. cxb6 cxb6 7. Bf4 Bd6 8. e3 O-O 9. Bd3 Bb7 10. Rc1 Bxf4 11. exf4 Ne4 12. O-O Qd6 13. g3 Nd7 14. Qe2 Ndf6 15. Rc2 b5 16. Rfc1 h6 17. Ne5 Rac8 18. f3 Nxc3 19. Rxc3 Rxc3 20. Rxc3 Qb4 21. Qf2 Rc8 22. a3 Qf8 23. Qc2 Rxc3 24. Qxc3 Qc8 25. Qc5 Nd7 26. Nxd7 Qxd7 27. b4 Qc6 28. Kf2 Qxc5 29. dxc5 f6 30. Ke3 g5 31. fxg5 hxg5 32. f4 e5 33. fxe5 fxe5 34. Bf5 Kf7 35. Bd7 Ke7 36. c6 Ba8 37. h4 gxh4 38. gxh4 d4+ 39. Kd3 Kf6 40. c7 Bb7 41. c8=Q Bxc8 42. Bxc8 Kg6 43. Bxa6 1-0


[Site "https://www.chess.com"]

[Event "Titled Tuesday Blitz February 22 Early 2022"]
[White "Loy, Konstantin"]
[Black "Cramling Bellon, Anna"]
[WhiteFideId "14122499"]
[BlackFideId "32009232"]
[WhiteElo "2084"]
[BlackElo "1905"]
[Result "1-0"]
[Round "02"]
[TimeControl "180+1"]
[Date "2022.02.22"]
[WhiteClock "0:00:44"]
[BlackClock "0:00:02"]

1. e4 c5 2. Nf3 e6 3. d3 Nc6 4. g3 d5 5. Nbd2 Nf6 6. Bg2 dxe4 7. dxe4 Be7 8. O-O O-O 9. Re1 Qc7 10. c3 Rd8 11. Qe2 b6 12. e5 Nd5 13. h4 Bb7 14. h5 h6 15. Nf1 Bf8 16. g4 Nce7 17. Ng3 g6 18. g5 Nf5 19. hxg6 Nxg3 20. gxf7+ Qxf7 21. fxg3 Ne7 22. gxh6 Nf5 23. Ng5 Qd7 24. Bxb7 Qxb7 25. Nxe6 Nxh6 26. Nxf8 Rxf8 27. Bxh6 Rf7 28. Qe4 Rb8 29. Qxb7 Rbxb7 30. e6 Rh7 31. Bg5 Kf8 32. e7+ Ke8 33. Rad1 1-0


[Site "https://www.chess.com"]

[Event "Titled Tuesday Blitz February 22 Early 2022"]
[White "Maevsky, Nikolay"]
[Black "Sarana, Alexey"]
[WhiteFideId "4198220"]
[BlackFideId "24133795"]
[WhiteElo "2104"]
[BlackElo "2665"]
[Result "0-1"]
[Round "02"]
[TimeControl "180+1"]
[Date "2022.02.22"]
[WhiteClock "0:00:08"]
[BlackClock "0:00:14"]

1. d4 Nf6 2. Nf3 d5 3. e3 e6 4. Bd3 c5 5. b3 Bd6 6. Bb2 Nc6 7. Nbd2 O-O 8. Ne5 Nd7 9. f4 Qe8 10. O-O f6 11. Nxc6 bxc6 12. c4 a5 13. Qc2 f5 14. Qc3 Qe7 15. Rae1 Nf6 16. Qc2 Ne4 17. Nf3 a4 18. dxc5 Bxc5 19. Bd4 Bb4 20. Rc1 axb3 21. axb3 c5 22. Be5 Bb7 23. Ra1 h6 24. Qb2 Nf6 25. Rxa8 Rxa8 26. Ra1 Ng4 27. Rxa8+ Bxa8 28. Qc1 Qd7 29. h3 dxc4 30. Bxc4 Bxf3 31. gxf3 Nxe5 32. fxe5 Bd2 33. Qc2 Bxe3+ 34. Kg2 Kh7 35. Qd3 Bd4 36. f4 g5 37. fxg5 hxg5 38. Qe2 Kg6 39. Bd3 Qd5+ 40. Kf1 Qh1# 0-1


[Site "https://www.chess.com"]

[Event "Titled Tuesday Blitz February 22 Early 2022"]
[White "Manukyan, Artyom"]
[Black "Berezin, Viktor"]
[WhiteFideId "13305786"]
[BlackFideId "14107872"]
[WhiteElo "2034"]
[BlackElo "2310"]
[Result "1-0"]
[Round "02"]
[TimeControl "180+1"]
[Date "2022.02.22"]
[WhiteClock "0:01:58"]
[BlackClock "0:01:08"]

1. e4 d5 2. exd5 Nf6 3. Be2 Nxd5 4. d4 g6 5. c4 Nb6 6. Nf3 Bg7 7. h4 Bg4 8. Be3 Nc6 9. Nc3 e6 10. Rc1 Bxf3 11. Bxf3 Nxd4 12. Bxb7 Rb8 13. Be4 Nxc4 14. Qa4+ Qd7 15. Qxc4 O-O 16. O-O e5 17. b3 Qg4 18. g3 Rfd8 19. Bg2 1-0


[Site "https://www.chess.com"]

[Event "Titled Tuesday Blitz February 22 Early 2022"]
[White "Marson, Juan Miguel"]
[Black "Zemerov, Vladimir"]
[WhiteFideId "106585"]
[BlackFideId "4111583"]
[WhiteElo "2053"]
[BlackElo "2277"]
[Result "0-1"]
[Round "02"]
[TimeControl "180+1"]
[Date "2022.02.22"]
[WhiteClock "0:00:17"]
[BlackClock "0:01:29"]

1. e4 c5 2. c3 e6 3. d4 d5 4. exd5 exd5 5. Nf3 Nf6 6. Bb5+ Bd7 7. Qe2+ Qe7 8. O-O Qxe2 9. Bxe2 c4 10. b3 cxb3 11. axb3 Bd6 12. Ba3 Bxa3 13. Nxa3 O-O 14. Ne5 Nc6 15. Nxd7 Nxd7 16. Nb5 Nf6 17. Bf3 Rfd8 18. Rfe1 a6 19. Na3 b5 20. Nc2 Kf8 21. Ne3 a5 22. Red1 Rac8 23. Kf1 g6 24. c4 bxc4 25. bxc4 dxc4 26. Bxc6 Rxc6 27. Rxa5 c3 28. Nc2 Nd5 29. g3 Rb6 30. Rc1 Rb2 31. Rc5 Kg7 32. h4 h5 33. Ne3 Nb4 34. R5xc3 Rxd4 35. Rc4 Rdd2 36. Rf4 Nd3 37. Nc4 Nxc1 38. Nxb2 Rxb2 39. Rd4 Nb3 40. Rd7 Rd2 41. Rb7 Nc5 42. Rc7 Ne4 43. Ke1 Rxf2 44. Re7 Rg2 45. Rxe4 Rxg3 46. Kf2 Rg4 47. Re3 Rxh4 48. Kg3 Rg4+ 49. Kf3 f5 50. Ra3 Kh6 51. Ra6 h4 52. Ra8 Kg5 53. Rh8 Rg3+ 54. Kf2 Kg4 55. Rh7 g5 56. Rh6 f4 57. Rh7 h3 58. Rh8 Rg2+ 59. Kf1 f3 60. Rg8 h2 61. Rh8 Rg1+ 62. Kf2 h1=Q 63. Rxh1 Rxh1 64. Ke3 Rh2 0-1


[Site "https://www.chess.com"]

[Event "Titled Tuesday Blitz February 22 Early 2022"]
[White "Martinez, Shawn"]
[Black "Petrovic, Aleksa"]
[WhiteFideId "2039770"]
[BlackFideId "967629"]
[WhiteElo "2174"]
[BlackElo "2139"]
[Result "1-0"]
[Round "02"]
[TimeControl "180+1"]
[Date "2022.02.22"]
[WhiteClock "0:00:07"]
[BlackClock "0:00:06"]

1. e4 Nc6 2. d4 d5 3. e5 Bf5 4. Nf3 f6 5. Bd3 Bxd3 6. Qxd3 Qd7 7. Nc3 O-O-O 8. O-O fxe5 9. dxe5 e6 10. a3 Nge7 11. b4 Ng6 12. Re1 d4 13. Na4 Qd5 14. c4 Ncxe5 15. Nxe5 Nxe5 16. Qh3 Nxc4 17. Rxe6 Kb8 18. Bg5 Rc8 19. Bf4 Bd6 20. Bxd6 Nxd6 21. Nc5 b6 22. Nd3 Rhe8 23. Rae1 Rxe6 24. Rxe6 h6 25. Re7 Qb3 26. Qf3 Qxa3 27. h4 Qa1+ 28. Kh2 Qc3 29. Rxg7 a5 30. bxa5 bxa5 31. Qe2 a4 32. Ne5 a3 33. Qa6 a2 34. Nd7# 1-0


[Site "https://www.chess.com"]

[Event "Titled Tuesday Blitz February 22 Early 2022"]
[White "Martins, Bruno Andre Leite"]
[Black "Samadov, Read"]
[WhiteFideId "1942255"]
[BlackFideId "13417444"]
[WhiteElo "2137"]
[BlackElo "2084"]
[Result "0-1"]
[Round "02"]
[TimeControl "180+1"]
[Date "2022.02.22"]
[WhiteClock "0:00:05"]
[BlackClock "0:00:06"]

1. e4 c5 2. Nf3 d6 3. d4 cxd4 4. Nxd4 Nf6 5. Nc3 a6 6. Bd3 g6 7. O-O Bg7 8. Re1 O-O 9. Bf1 b6 10. Nd5 Bb7 11. Bg5 Nbd7 12. c4 h6 13. Bc1 e6 14. Nxf6+ Nxf6 15. f3 Rc8 16. Be3 Nh5 17. Qd2 Kh7 18. Rad1 d5 19. cxd5 exd5 20. g4 Nf6 21. e5 Nd7 22. f4 Nc5 23. Bg2 Ne4 24. Qe2 Qe7 25. Rc1 f6 26. Rxc8 Bxc8 27. e6 Bxe6 28. Qxa6 Bxg4 29. Qxb6 f5 30. a4 g5 31. Qe6 Qb4 32. Nc2 Qxa4 33. Bxe4 dxe4 34. b3 Qa2 35. Qc4 Qa8 36. Nd4 Rc8 37. Qf7 Rf8 38. Qe7 Re8 39. Qf7 Rf8 40. Qe7 Qe8 41. Qxe8 Rxe8 42. Ne2 Rd8 43. Ng3 Rd3 44. b4 Rxe3 45. Rxe3 Bd4 46. Kf2 gxf4 47. Nf1 fxe3+ 0-1


[Site "https://www.chess.com"]

[Event "Titled Tuesday Blitz February 22 Early 2022"]
[White "Martirosyan, Haik M."]
[Black "Toncheva, Nadya"]
[WhiteFideId "13306553"]
[BlackFideId "2924056"]
[WhiteElo "2735"]
[BlackElo "1920"]
[Result "1-0"]
[Round "02"]
[TimeControl "180+1"]
[Date "2022.02.22"]
[WhiteClock "0:02:01"]
[BlackClock "0:00:12"]

1. e4 c5 2. Nf3 d6 3. Bd3 Nf6 4. c3 g6 5. h3 Bg7 6. O-O O-O 7. Bc2 Nc6 8. Re1 e6 9. d4 cxd4 10. cxd4 a6 11. Nc3 b5 12. Bf4 Bb7 13. Rc1 Rc8 14. Bb1 d5 15. e5 Nd7 16. Qd2 b4 17. Na4 Re8 18. h4 a5 19. Bd3 h5 20. Bg5 Qc7 21. Qf4 Qb8 22. g4 hxg4 23. Qxg4 Ne7 24. Rxc8 Bxc8 25. h5 Nf5 26. Bxf5 exf5 27. Qh4 Re6 28. h6 Bh8 29. h7+ Kf8 30. Bh6+ Ke8 31. Ng5 Qb5 32. Nxe6 fxe6 33. Rc1 Ba6 34. b3 Kf7 35. Qd8 g5 36. Qg8+ Ke7 37. Bxg5+ 1-0


[Site "https://www.chess.com"]

[Event "Titled Tuesday Blitz February 22 Early 2022"]
[White "Matveeva, Olga"]
[Black "Kadam, Om Manish"]
[WhiteFideId "24107018"]
[BlackFideId "45076294"]
[WhiteElo "2083"]
[BlackElo "1729"]
[Result "0-1"]
[Round "02"]
[TimeControl "180+1"]
[Date "2022.02.22"]
[WhiteClock "0:01:52"]
[BlackClock "0:02:38"]

1. e4 c6 2. d4 d5 3. e5 c5 4. dxc5 Nc6 5. f4 Bf5 6. Nc3 e6 7. g4 Qh4+ 8. Kd2 Bxg4 9. Nf3 Qh6 10. Ke1 Bxc5 11. Be2 Bxf3 12. Bxf3 Qh4+ 0-1


[Site "https://www.chess.com"]

[Event "Titled Tuesday Blitz February 22 Early 2022"]
[White "Mayaud, Raphael"]
[Black "Nenezic, Marko"]
[WhiteFideId "627151"]
[BlackFideId "912123"]
[WhiteElo "2191"]
[BlackElo "2484"]
[Result "0-1"]
[Round "02"]
[TimeControl "180+1"]
[Date "2022.02.22"]
[WhiteClock "0:00:06"]
[BlackClock "0:00:12"]

1. d4 Nf6 2. Bg5 c5 3. d5 Ne4 4. Bf4 e6 5. f3 Nd6 6. dxe6 dxe6 7. e4 Nc6 8. e5 Nf5 9. Qxd8+ Nxd8 10. Nc3 Nd4 11. O-O-O Bd7 12. Nge2 N8c6 13. Ne4 O-O-O 14. c3 Nf5 15. N2g3 Nxg3 16. hxg3 Be7 17. Nd6+ Bxd6 18. Rxd6 h6 19. g4 Ne7 20. Bc4 Bc6 21. Rhd1 Bd5 22. Bxd5 Nxd5 23. Rxd8+ Rxd8 24. Bd2 c4 25. Kc2 b5 26. b3 Kc7 27. bxc4 bxc4 28. Rb1 Kc6 29. a4 Rh8 30. a5 a6 31. f4 h5 32. g5 g6 33. Re1 h4 34. Re4 Kb5 35. Re1 h3 36. Rb1+ Kc6 37. gxh3 Rxh3 38. Rb8 Rh2 39. Kc1 Rf2 40. Rf8 Nxf4 41. Ra8 Kb5 42. Rb8+ Kxa5 43. Bxf4 Rxf4 44. Rb4 Rf5 45. Rxc4 Kb5 46. Rc7 Kb6 47. Re7 Rxg5 48. Rxf7 Rxe5 49. Rf6 g5 50. Rg6 Kc5 51. Kc2 Kc4 52. Rg8 Re2+ 53. Kd1 Rg2 54. Rg6 e5 55. Rxa6 Kxc3 56. Ke1 Kd4 57. Ra4+ Ke3 58. Ra3+ Kf4 59. Kf1 Rb2 60. Ra8 e4 61. Rf8+ Ke3 62. Rf5 Rb1+ 63. Kg2 Kd2 64. Rxg5 Rb7 65. Rd5+ Ke2 66. Kg3 Rg7+ 67. Kf4 e3 68. Re5 Rf7+ 69. Ke4 Kf2 70. Kd3 Rd7+ 71. Kc2 e2 72. Rf5+ Ke1 73. Rf6 Rd4 74. Rf5 Rc4+ 75. Kd3 Rc7 76. Ke3 Kd1 77. Rd5+ Ke1 78. Rh5 Re7+ 79. Kf3 Rf7+ 80. Ke3 Re7+ 81. Kf3 Kd1 82. Rd5+ Kc2 83. Rc5+ Kb3 84. Rb5+ Kc4 0-1


[Site "https://www.chess.com"]

[Event "Titled Tuesday Blitz February 22 Early 2022"]
[White "Maze, Sebastien"]
[Black "Makhnev, Denis"]
[WhiteFideId "613762"]
[BlackFideId "13707647"]
[WhiteElo "2462"]
[BlackElo "2491"]
[Result "1/2-1/2"]
[Round "02"]
[TimeControl "180+1"]
[Date "2022.02.22"]
[WhiteClock "0:00:09"]
[BlackClock "0:00:16"]

1. e4 c6 2. Nf3 d5 3. Nc3 dxe4 4. Nxe4 Nf6 5. Qe2 Nxe4 6. Qxe4 Qd5 7. Qe3 g6 8. Qc3 Qe6+ 9. Be2 Qf6 10. Qxf6 exf6 11. d4 Be6 12. c4 Nd7 13. Bd2 Nb6 14. b3 a5 15. a4 h5 16. h4 Bg4 17. Bc3 Bb4 18. Bxb4 axb4 19. O-O-O O-O-O 20. Rhe1 Rhe8 21. Ng1 Kc7 22. Bxg4 hxg4 23. Rxe8 Rxe8 24. Kd2 Re4 25. Ne2 f5 26. g3 Nd7 27. Kd3 c5 28. d5 Ne5+ 29. Kd2 Nf3+ 30. Kd3 Kd6 31. Rh1 Re8 32. h5 Rh8 33. h6 g5 34. Rh5 Ke5 35. Rh1 Kf6 36. Kc2 Kg6 37. Nc1 Rxh6 38. Rxh6+ Kxh6 39. Nd3 b6 40. a5 bxa5 41. Nxc5 Kg6 42. Nb7 f4 43. d6 Kf6 44. d7 Nd4+ 45. Kd3 Nc6 46. Nxa5 Ne5+ 47. Ke4 Nxd7 48. gxf4 Nc5+ 49. Ke3 Kf5 50. fxg5 Kxg5 51. Nc6 f5 52. Nxb4 f4+ 53. Ke2 Nxb3 54. Nd3 Kf5 55. c5 Nd4+ 56. Kd2 Ke4 57. Kc3 Ne6 58. Kc4 f3 59. Kc3 Kd5 60. Kd2 Kd4 61. c6 Kd5 62. Ke3 Kxc6 63. Ne5+ Kd5 64. Nxg4 Ng5 65. Nh2 Ke6 66. Nxf3 Nf7 67. Nd4+ Kf6 68. f4 Nh6 69. Ke4 Nf7 70. Nf3 Nd6+ 71. Kd5 Nf5 72. Ne5 Ne3+ 73. Ke4 Ng2 74. Kd5 Nxf4+ 1/2-1/2


[Site "https://www.chess.com"]

[Event "Titled Tuesday Blitz February 22 Early 2022"]
[White "Medeiros Jr, Francisco De Assis"]
[Black "Garagulya, Konstantin"]
[WhiteFideId "2114267"]
[BlackFideId "4128931"]
[WhiteElo "1998"]
[BlackElo "2329"]
[Result "0-1"]
[Round "02"]
[TimeControl "180+1"]
[Date "2022.02.22"]
[WhiteClock "0:00:10"]
[BlackClock "0:00:23"]

1. d4 Nf6 2. Nf3 e6 3. Bg5 c5 4. c3 Nc6 5. e3 h6 6. Bh4 d5 7. Nbd2 Bd6 8. Bd3 a6 9. O-O Qc7 10. Bg3 e5 11. dxe5 Nxe5 12. Nxe5 Bxe5 13. Bxe5 Qxe5 14. e4 O-O 15. Re1 dxe4 16. Nxe4 Rd8 17. Qe2 Be6 18. Nxf6+ Qxf6 19. Be4 Rab8 20. Qe3 b6 21. a4 a5 22. Bc2 Rd6 23. Rad1 Rbd8 24. Rxd6 Rxd6 25. Rd1 Rxd1+ 26. Bxd1 Qd8 27. Bc2 Qd5 28. Qd3 Qxd3 29. Bxd3 Bb3 30. Bb5 f6 31. f4 Kf7 32. Kf2 Ke6 33. Ke3 Kd5 34. Kd3 Ba2 35. c4+ Ke6 36. Ke3 Bb3 37. g4 Bd1 38. h3 g5 39. f5+ Ke5 40. Bc6 Bb3 41. Bb5 Bc2 42. Bc6 Bb1 43. Bb5 Be4 44. Bc6 Bxc6 0-1


[Site "https://www.chess.com"]

[Event "Titled Tuesday Blitz February 22 Early 2022"]
[White "Mejia, Cherry Ann"]
[Black "Kiolbasa, Oliwia"]
[WhiteFideId "5206880"]
[BlackFideId "1154613"]
[WhiteElo "2007"]
[BlackElo "2190"]
[Result "0-1"]
[Round "02"]
[TimeControl "180+1"]
[Date "2022.02.22"]
[WhiteClock "0:00:11"]
[BlackClock "0:00:18"]

1. e4 e5 2. Nf3 Nc6 3. Bb5 a6 4. Ba4 Nf6 5. Qe2 b5 6. Bb3 Bc5 7. c3 O-O 8. O-O d6 9. Rd1 Bg4 10. d3 Re8 11. Bg5 h6 12. Bxf6 Qxf6 13. Bd5 Bd7 14. Nbd2 Rad8 15. Nf1 Ne7 16. Bb3 Ng6 17. d4 Bb6 18. dxe5 dxe5 19. Ne3 Nf4 20. Qe1 Qg6 21. Nh4 Qxe4 22. Bc2 Qc6 23. Nd5 Nxd5 24. Be4 Be6 25. Nf3 Qc5 26. Nxe5 Nf4 27. Rxd8 Rxd8 28. Nf3 Qh5 29. Rd1 Rxd1 30. Qxd1 Bd5 31. Bxd5 Qxd5 32. Qxd5 Nxd5 33. Kf1 Kf8 34. g3 Ke7 35. Ke2 Kd6 36. Kd3 Nf6 37. Nd2 Bxf2 38. c4 c6 39. cxb5 axb5 40. b3 Be1 41. Nf3 Bb4 42. Nh4 g6 43. Ng2 Nd5 44. a4 bxa4 45. bxa4 c5 46. Kc4 Kc6 47. Nf4 Nxf4 48. gxf4 f6 49. h4 g5 50. a5 Bxa5 51. fxg5 fxg5 52. hxg5 hxg5 53. Kd3 g4 54. Ke2 c4 55. Kf2 c3 56. Kg3 c2 57. Kxg4 c1=Q 58. Kf5 Qe3 59. Kf6 Kd6 60. Kg7 Qf4 61. Kg8 Ke6 62. Kh7 Qg5 63. Kh8 Bc3+ 64. Kh7 Qg7# 0-1


[Site "https://www.chess.com"]

[Event "Titled Tuesday Blitz February 22 Early 2022"]
[White "Mekhitarian, Krikor Sevag"]
[Black "Poormosavi, Seyed Kian"]
[WhiteFideId "2107660"]
[BlackFideId "12585807"]
[WhiteElo "2598"]
[BlackElo "2116"]
[Result "0-1"]
[Round "02"]
[TimeControl "180+1"]
[Date "2022.02.22"]
[WhiteClock "0:01:25"]
[BlackClock "0:02:19"]

1. e4 c6 2. Nf3 d5 3. Nc3 dxe4 4. Nxe4 Nf6 5. Qe2 Nxe4 6. Qxe4 Qd5 7. Qf4 Qf5 8. Qe3 Qe6 9. d4 Qxe3+ 10. fxe3 g6 11. Bd3 Bg7 12. e4 Nd7 13. c3 O-O 14. Be3 e5 15. O-O-O Re8 16. d5 cxd5 17. exd5 e4 18. Bxe4 Rxe4 19. Bd4 Bxd4 20. Nxd4 Nf6 21. Nb5 Bd7 22. Nd6 Re2 23. Nxb7 Rb8 24. Rdf1 Rxb7 0-1


[Site "https://www.chess.com"]

[Event "Titled Tuesday Blitz February 22 Early 2022"]
[White "Melian, Juan Sebastian"]
[Black "Shuvalova, Polina"]
[WhiteFideId "3706575"]
[BlackFideId "24171760"]
[WhiteElo "1842"]
[BlackElo "2355"]
[Result "1-0"]
[Round "02"]
[TimeControl "180+1"]
[Date "2022.02.22"]
[WhiteClock "0:00:12"]
[BlackClock "0:00:07"]

1. d4 Nf6 2. Nf3 e6 3. c3 c5 4. Bg5 h6 5. Bh4 g5 6. Bg3 Ne4 7. e3 Nxg3 8. hxg3 Bg7 9. Nbd2 b6 10. Bd3 Bb7 11. Qe2 Nc6 12. g4 Qe7 13. Ba6 d6 14. Nf1 Bxa6 15. Qxa6 cxd4 16. exd4 O-O 17. Ne3 Qc7 18. O-O Ne7 19. Qd3 Ng6 20. g3 Rac8 21. d5 Rfe8 22. dxe6 Rxe6 23. Rae1 Rce8 24. Re2 Qb7 25. Nh2 Re4 26. Rfe1 d5 27. Nf3 Qd7 28. Nf5 Rxe2 29. Rxe2 Rxe2 30. Qxe2 Qe6 31. Qxe6 fxe6 32. Nd6 Ne5 33. Nxe5 Bxe5 34. Nc8 Bb8 35. Ne7+ Kf7 36. Nc6 Be5 37. Nxe5+ Kf6 38. Nd3 e5 39. Kg2 e4 40. Ne1 Ke5 41. Nc2 Kd6 42. Ne3 Ke5 43. Kf1 d4 44. cxd4+ Kxd4 45. Ke2 1-0


[Site "https://www.chess.com"]